 Dungeon Crawl Stone Soup version 0.30.1-11-g7821555f0a (webtiles) character file.

Game seed: 9673795501327073959

5 Chiseanne the Covered (level 1, -2/16 HPs)
             Began as a Demonspawn Wanderer on Nov 17, 2023.
             Slain by a hobgoblin (4 damage)
             ... on level 1 of the Dungeon.
             The game lasted 00:00:17 (143 turns).

Chiseanne the Covered (Demonspawn Wanderer)          Turns: 143, Time: 00:00:18

Health: -2/16      AC:  5    Str: 12    XL:     1   Next: 66%
Magic:  2/2        EV: 10    Int: 15    God:
Gold:   31         SH:  0    Dex: 10    Spells: 2/2 levels left

rFire   . . .        a - +0 club
rCold   . . .        (no shield)
rNeg    . . .        c - +0 ring mail
rPois   .            (no helmet)
rElec   .            (no cloak)
rCorr   .            (no gloves)
SInv    .            (no boots)
Will    .....        (no amulet) Stlth
                     (no ring)
HPRegen 0.22/turn    (no ring)
MPRegen 0.08/turn

%: no passive effects
@: no status effects
A: no striking features
a: no special abilities


You were on level 1 of the Dungeon.
You visited 1 branch of the dungeon, and saw 1 of its levels.

You collected 31 gold pieces.

Inventory:

Hand Weapons
 a - a +0 club (weapon)
Missiles
 e - 3 stones (quivered)
Armour
 c - a +0 ring mail (worn)
Scrolls
 d - a scroll of identify {unknown}
Potions
 b - a potion of berserk rage


   Skills:
 * Level 2.1 Fighting
 * Level 2.8 Armour
 * Level 0.4 Dodging
 - Level 1.0 Spellcasting
 - Level 1.7 Translocations
 - Level 1.7 Fire Magic


You had 2 spell levels left.
You didn't know any spells.
Your spell library contained the following spells:

 Spells                   Type           Power      Damage    Failure   Level
 Apportation              Tloc           12%        N/A       26%         1
 Foxfire                  Conj/Fire      12%        2x1d4     36%         1
 Teleport Other           Tloc           6%         N/A       61%         3
 Volatile Blastmotes      Fire/Tloc      12%        2d11      61%         3
 Flame Wave               Conj/Fire      3%         2d5       98%         4


Dungeon Overview and Level Annotations

Branches:
Dungeon (1/15)

Altars:


Message History

You are too injured to fight recklessly!
You are too injured to fight recklessly!
You are too injured to fight recklessly!
You are too injured to fight recklessly!
You are too injured to fight recklessly!
You are too injured to fight recklessly!
You are too injured to fight recklessly!
You are too injured to fight recklessly!
You are too injured to fight recklessly!
You are too injured to fight recklessly!
You are too injured to fight recklessly!
You are too injured to fight recklessly!
You are too injured to fight recklessly!
You are too injured to fight recklessly!
You are too injured to fight recklessly!
You are too injured to fight recklessly!
You hit the dart slug.
The dart slug is lightly wounded.
The hobgoblin throws a stone.
The stone closely misses you. The dart slug launches a dart at you.
The slug dart hits you.
You hit the dart slug.
The dart slug is heavily wounded.
The hobgoblin throws a stone.
The stone hits you but does no damage.
The dart slug bites you but does no damage.
You hit the dart slug but do no damage.
The dart slug is heavily wounded.
The dart slug closely misses you.
You hit the dart slug.
The dart slug is severely wounded.
The hobgoblin misses you. The dart slug bites you.
You hit the dart slug but do no damage.
The dart slug is severely wounded.
The hobgoblin hits you.
* * * LOW HITPOINT WARNING * * *
The dart slug bites you but does no damage.
You hit the dart slug.
You kill the dart slug!
The hobgoblin hits you.
You die...

...........#~.
............~~≈≈~~.~~~
............≈≈≈._~~~~
#..........~~≈~~.♣≈≈~
#...........~≈≈~~~~~~
#...........~≈≈≈≈≈≈≈≈
#..g.......~~≈~~~~≈~~
#...@†....~..~.~.~≈~.
#.......†......~~.~~~
##.........###......##
#.........####......##
#.........'..+........
#.........####...>....
#.........# #......##
+.........# #......##
#.........# #......##


You could see a hobgoblin.

Vanquished Creatures
  A dart slug (D:1)
  A hobgoblin (D:1)
  2 quokkas (D:1)
  2 frilled lizards (D:1)
6 creatures vanquished.

Notes
Turn   | Place    | Note
-------+----------+-------------------------------------------
     0 | D:1      | Chiseanne the Demonspawn Wanderer began the quest for the
                  | Orb.
     0 | D:1      | Chiseanne set off with the following items: a +0 club, a
                  | potion of berserk rage, a +0 ring mail; and the following
                  | spells available to memorise: Apportation, Foxfire,
                  | Teleport Other, Volatile Blastmotes, Flame Wave.
     0 | D:1      | Reached XP level 1. HP: 16/16 MP: 2/2
    84 | D:1      | Found a faded altar of an unknown god.
   143 | D:1      | Slain by a hobgoblin

Illustrated notes

Levels and vault maps discovered:
D:1:      ldierk_walled_garden_2, layout_basic, chequers_ecumenical_altar_island

Action                     || total
---------------------------++-------
  Melee: Club              ||    33
 Armour: Ring mail         ||    14
  Dodge: Dodged            ||    19
